2200 views
Uploaded 2023-08-20 22:29:52
Game version 1.36 (6115)
24:46 long 4on4 ladder game on (8)Northshire_S2
Saved by DKnight
2200 views
Uploaded 2023-08-20 22:29:52
Game version 1.36 (6115)
24:46 long 4on4 ladder game on (8)Northshire_S2


157 units @ 24.2k
/ 4.1k
99 buildings @ 11.5k
/ 4.2k



| Orb of Fire | 1 | 325 |
| Potion of Mana | 1 | 200 |
| Scroll of Town Portal | 4 | 1400 |
| total: | 6 | 1925g |
| Peasant | 18 | 1350 | / | 0 |
| Footman | 3 | 405 | / | 0 |
| Rifleman | 5 | 1025 | / | 150 |
| Knight | 15 | 3675 | / | 900 |
| total: | 41 | 6455g | / | 1050w |
| Altar of Kings | 1 | 180 | / | 50 |
| Farm | 10 | 800 | / | 200 |
| Barracks | 2 | 320 | / | 120 |
| Lumber Mill | 1 | 120 | / | 0 |
| Blacksmith | 1 | 140 | / | 60 |
| Arcane Vault | 1 | 130 | / | 30 |
| Town Hall | 1 | 385 | / | 205 |
| Keep | 1 | 320 | / | 210 |
| Castle | 1 | 360 | / | 210 |
| total: | 17 | 2075g | / | 665w |
| 0:04 | Altar of Kings |
| 0:06 | Farm |
| 0:07 | Peasant |
| 0:24 | Barracks |
| 0:27 | Peasant |
| 0:44 | Lumber Mill |
| 1:07 | Peasant |
| 1:24 | Farm |
| 1:26 | Footman |
| 1:30 | Peasant |
| 1:42 | Footman |
| 2:07 | Peasant |
| 2:13 | Blacksmith |
| 2:19 | Storm Bolt |
| 2:27 | Farm |
| 2:29 | Peasant |
| 2:47 | Arcane Vault |
| 2:49 | Footman |
| 3:10 | Barracks |
| 3:35 | Farm |
| 3:36 | Rifleman |
| 3:45 | Bash |
| 4:00 | Peasant |
| 4:00 | Peasant |
| 4:24 | Rifleman |
| 4:27 | Farm |
| 4:58 | Keep |
| 5:12 | Rifleman |
| 5:56 | Town Hall |
| 6:22 | Storm Bolt |
| 6:32 | Rifleman |
| 7:43 | Farm |
| 7:44 | Castle |
| 8:22 | Bash |
| 8:34 | Rifleman |
| 8:39 | Farm |
| 9:38 | Holy Light |
| 10:08 | Peasant |
| 10:09 | Peasant |
| 10:09 | Peasant |
| 10:09 | Peasant |
| 10:15 | Knight |
| 10:16 | Animal War Training |
| 10:18 | Knight |
| 10:50 | Scroll of Town Portal |
| 11:01 | Knight |
| 11:07 | Farm |
| 11:26 | Brilliance Aura |
| 11:38 | Knight |
| 12:21 | Knight |
| 12:24 | Farm |
| 12:33 | Iron Forged Swords |
| 12:36 | Knight |
| 12:57 | Iron Plating |
| 13:16 | Knight |
| 13:54 | Scroll of Town Portal |
| 14:00 | Scroll of Town Portal |
| 14:49 | Summon Water Elemental |
| 15:23 | Knight |
| 15:25 | Knight |
| 15:26 | Steel Plating |
| 15:45 | Storm Bolt |
| 16:44 | Devotion Aura |
| 17:28 | Knight |
| 17:35 | Knight |
| 17:37 | Mithril Plating |
| 17:47 | Orb of Fire |
| 18:16 | Steel Forged Swords |
| 18:21 | Knight |
| 18:47 | Potion of Mana |
| 18:47 | Scroll of Town Portal |
| 19:16 | Knight |
| 20:38 | Knight |
| 20:43 | Farm |
| 21:03 | Peasant |
| 21:03 | Peasant |
| 22:06 | Knight |
| 23:19 | Peasant |
| 23:19 | Peasant |
| 23:19 | Peasant |
| 23:20 | Peasant |
| 23:35 | Mithril Forged Swords |
| 24:00 | Avatar |
| Select | 363 |
| Right click | 355 |
| Select group | 295 |
| Misc. action | 104 |
| Build/train/purchase | 77 |
| Assign group | 46 |
| Use ability | 43 |
| Item give/drop | 1 |
| Remove unit | 1 |
| Minimap ping | 1 |


| Scroll of Regeneration | 4 | 400 |
| Orb of Fire | 1 | 325 |
| Potion of Healing | 1 | 150 |
| Potion of Mana | 1 | 200 |
| Scroll of Town Portal | 3 | 1050 |
| total: | 10 | 2125g |
| Peasant | 14 | 1050 | / | 0 |
| Footman | 5 | 675 | / | 0 |
| Rifleman | 19 | 3895 | / | 570 |
| Mortar Team | 15 | 2700 | / | 1050 |
| Sorceress | 8 | 1240 | / | 160 |
| total: | 61 | 9560g | / | 1780w |
| Scout Tower | 4 | 120 | / | 80 |
| Arcane Tower | 1 | 70 | / | 50 |
| Guard Tower | 1 | 70 | / | 50 |
| Altar of Kings | 1 | 180 | / | 50 |
| Farm | 22 | 1760 | / | 440 |
| Barracks | 1 | 160 | / | 60 |
| Blacksmith | 1 | 140 | / | 60 |
| Lumber Mill | 1 | 120 | / | 0 |
| Arcane Vault | 1 | 130 | / | 30 |
| Town Hall | 1 | 385 | / | 205 |
| Workshop | 1 | 140 | / | 140 |
| Keep | 1 | 320 | / | 210 |
| Castle | 2 | 720 | / | 420 |
| total: | 33 | 3135g | / | 1065w |
| 0:05 | Peasant |
| 0:09 | Altar of Kings |
| 0:15 | Farm |
| 0:20 | Barracks |
| 0:23 | Peasant |
| 0:27 | Peasant |
| 0:51 | Farm |
| 0:58 | Peasant |
| 1:08 | Peasant |
| 1:25 | Footman |
| 1:31 | Peasant |
| 1:38 | Footman |
| 1:48 | Peasant |
| 1:58 | Farm |
| 2:03 | Footman |
| 2:10 | Summon Water Elemental |
| 2:22 | Footman |
| 2:35 | Scout Tower |
| 2:49 | Keep |
| 3:03 | Footman |
| 3:07 | Scout Tower |
| 3:11 | Arcane Tower |
| 3:19 | Brilliance Aura |
| 3:33 | Blacksmith |
| 3:41 | Lumber Mill |
| 3:52 | Arcane Vault |
| 4:48 | Farm |
| 4:50 | Guard Tower |
| 4:51 | Rifleman |
| 5:16 | Farm |
| 5:21 | Farm |
| 5:43 | Long Rifles |
| 5:50 | Improved Lumber Harvesting |
| 6:11 | Summon Water Elemental |
| 6:29 | Town Hall |
| 6:31 | Flame Strike |
| 6:43 | Scroll of Regeneration |
| 6:51 | Advanced Lumber Harvesting |
| 7:29 | Rifleman |
| 8:06 | Black Gunpowder |
| 8:11 | Workshop |
| 8:15 | Improved Masonry |
| 8:34 | Scroll of Regeneration |
| 8:55 | Rifleman |
| 9:55 | Peasant |
| 9:55 | Peasant |
| 9:55 | Peasant |
| 9:55 | Peasant |
| 9:58 | Mortar Team |
| 9:58 | Mortar Team |
| 9:59 | Castle |
| 10:04 | Rifleman |
| 10:05 | Studded Leather Armor |
| 10:51 | Rifleman |
| 10:51 | Rifleman |
| 10:53 | Mortar Team |
| 10:53 | Mortar Team |
| 11:06 | Sorceress |
| 11:06 | Sorceress |
| 11:06 | Sorceress |
| 11:07 | Sorceress |
| 11:08 | Castle |
| 11:58 | Mortar Team |
| 12:09 | Rifleman |
| 12:11 | Rifleman |
| 12:12 | Mortar Team |
| 12:14 | Farm |
| 12:17 | Advanced Masonry |
| 12:24 | Refined Gunpowder |
| 12:25 | Fragmentation Shards |
| 12:46 | Peasant |
| 12:46 | Peasant |
| 12:46 | Peasant |
| 13:24 | Reinforced Leather Armor |
| 13:26 | Scroll of Regeneration |
| 14:56 | Brilliance Aura |
| 15:02 | Mortar Team |
| 15:02 | Mortar Team |
| 15:04 | Siphon Mana |
| 16:03 | Rifleman |
| 16:03 | Rifleman |
| 16:03 | Rifleman |
| 16:06 | Mortar Team |
| 16:06 | Mortar Team |
| 16:08 | Imbued Gunpowder |
| 16:08 | Dragonhide Armor |
| 17:05 | Mortar Team |
| 17:06 | Rifleman |
| 17:06 | Rifleman |
| 17:24 | Flame Strike |
| 17:56 | Scroll of Town Portal |
| 17:57 | Orb of Fire |
| 17:57 | Potion of Healing |
| 18:04 | Rifleman |
| 18:05 | Mortar Team |
| 18:05 | Mortar Team |
| 18:11 | Farm |
| 18:27 | Scroll of Regeneration |
| 18:35 | Scout Tower |
| 18:37 | Scout Tower |
| 18:51 | Imbued Masonry |
| 18:53 | Rifleman |
| 18:54 | Rifleman |
| 18:56 | Potion of Mana |
| 18:56 | Scroll of Town Portal |
| 19:15 | Scroll of Town Portal |
| 19:57 | Flame Strike |
| 20:04 | Brilliance Aura |
| 20:36 | Summon Water Elemental |
| 20:46 | Rifleman |
| 20:46 | Rifleman |
| 20:47 | Rifleman |
| 20:52 | Farm |
| 20:56 | Farm |
| 21:37 | Sorceress Adept Training |
| 21:37 | Sorceress |
| 21:37 | Sorceress |
| 21:38 | Sorceress |
| 21:38 | Sorceress |
| 21:43 | Farm |
| 21:43 | Farm |
| 21:43 | Farm |
| 21:43 | Farm |
| 21:44 | Farm |
| 21:44 | Farm |
| 21:44 | Farm |
| 21:45 | Farm |
| 22:18 | Mortar Team |
| 22:19 | Mortar Team |
| 22:23 | Farm |
| 22:23 | Farm |
| 22:24 | Farm |
| 22:24 | Farm |
| 23:00 | Blizzard |
| Right click | 651 |
| Select | 463 |
| Build/train/purchase | 159 |
| Select group | 147 |
| Misc. action | 128 |
| Assign group | 48 |
| Use ability | 44 |
| Resource trade | 4 |
| Chat | 4 |
| Remove unit | 2 |
| Minimap ping | 2 |


| Lesser Clarity Potion | 1 | 70 |
| Scroll of Regeneration | 1 | 100 |
| Potion of Healing | 2 | 300 |
| Staff of Teleportation | 1 | 150 |
| Boots of Speed | 1 | 250 |
| total: | 6 | 870g |
| Peasant | 8 | 600 | / | 0 |
| Mortar Team | 2 | 360 | / | 140 |
| Sorceress | 1 | 155 | / | 20 |
| total: | 11 | 1115g | / | 160w |
| Altar of Kings | 1 | 180 | / | 50 |
| Farm | 6 | 480 | / | 120 |
| Arcane Vault | 1 | 130 | / | 30 |
| Lumber Mill | 1 | 120 | / | 0 |
| Blacksmith | 1 | 140 | / | 60 |
| Arcane Sanctum | 1 | 150 | / | 140 |
| Workshop | 3 | 420 | / | 420 |
| Keep | 1 | 320 | / | 210 |
| total: | 14 | 1620g | / | 820w |
| 0:06 | Peasant |
| 0:06 | Peasant |
| 0:06 | Peasant |
| 0:14 | Altar of Kings |
| 0:24 | Farm |
| 0:27 | Peasant |
| 0:28 | Peasant |
| 0:59 | Peasant |
| 1:29 | Peasant |
| 1:29 | Peasant |
| 2:08 | Arcane Vault |
| 2:11 | Keep |
| 2:16 | Lumber Mill |
| 2:20 | Farm |
| 2:24 | Flame Strike |
| 2:58 | Blacksmith |
| 3:05 | Siphon Mana |
| 3:36 | Lesser Clarity Potion |
| 3:36 | Scroll of Regeneration |
| 3:56 | Staff of Teleportation |
| 3:57 | Boots of Speed |
| 4:47 | Arcane Sanctum |
| 4:49 | Workshop |
| 4:50 | Workshop |
| 5:03 | Farm |
| 5:30 | Workshop |
| 5:36 | Potion of Healing |
| 5:50 | Farm |
| 5:53 | Farm |
| 6:00 | Blizzard |
| 6:04 | Sorceress Adept Training |
| 6:20 | Mortar Team |
| 6:31 | Mortar Team |
| 6:41 | Potion of Healing |
| 6:53 | Farm |
| 6:58 | Sorceress |
| Right click | 183 |
| Select group | 110 |
| Select | 68 |
| Build/train/purchase | 28 |
| Assign group | 13 |
| Misc. action | 8 |
| Use ability | 8 |


| Lesser Clarity Potion | 5 | 350 |
| Potion of Healing | 1 | 150 |
| Potion of Mana | 1 | 200 |
| Scroll of Regeneration | 12 | 1200 |
| Scroll of Town Portal | 11 | 3850 |
| total: | 30 | 5750g |
| Peasant | 17 | 1275 | / | 0 |
| Rifleman | 21 | 4305 | / | 630 |
| Mortar Team | 4 | 720 | / | 280 |
| Goblin Shredder | 2 | 750 | / | 200 |
| total: | 44 | 7050g | / | 1110w |
| Altar of Kings | 1 | 180 | / | 50 |
| Farm | 17 | 1360 | / | 340 |
| Blacksmith | 1 | 140 | / | 60 |
| Barracks | 12 | 1920 | / | 720 |
| Town Hall | 2 | 770 | / | 410 |
| Arcane Vault | 2 | 260 | / | 60 |
| Keep | 1 | 320 | / | 210 |
| Castle | 1 | 360 | / | 210 |
| total: | 35 | 4630g | / | 1640w |
| 0:03 | Peasant |
| 0:03 | Peasant |
| 0:03 | Peasant |
| 0:16 | Peasant |
| 0:16 | Peasant |
| 0:16 | Peasant |
| 0:50 | Altar of Kings |
| 1:05 | Farm |
| 1:16 | Peasant |
| 1:20 | Blacksmith |
| 1:27 | Barracks |
| 1:30 | Farm |
| 1:35 | Farm |
| 1:40 | Peasant |
| 1:40 | Peasant |
| 2:03 | Peasant |
| 2:08 | Farm |
| 2:12 | Farm |
| 2:21 | Peasant |
| 2:34 | Rifleman |
| 3:02 | Storm Bolt |
| 3:03 | Rifleman |
| 3:20 | Rifleman |
| 4:23 | Thunder Clap |
| 4:39 | Rifleman |
| 4:56 | Rifleman |
| 4:57 | Keep |
| 5:02 | Town Hall |
| 5:12 | Arcane Vault |
| 5:54 | Rifleman |
| 6:08 | Storm Bolt |
| 6:21 | Arcane Vault |
| 6:49 | Barracks |
| 6:50 | Black Gunpowder |
| 7:25 | Long Rifles |
| 7:27 | Barracks |
| 7:32 | Peasant |
| 7:33 | Peasant |
| 7:33 | Peasant |
| 7:33 | Peasant |
| 7:49 | Peasant |
| 7:49 | Peasant |
| 8:14 | Goblin Shredder |
| 8:14 | Goblin Shredder |
| 8:26 | Lesser Clarity Potion |
| 8:31 | Potion of Healing |
| 8:31 | Potion of Mana |
| 9:41 | Siphon Mana |
| 9:59 | Rifleman |
| 9:59 | Rifleman |
| 10:10 | Castle |
| 10:18 | Barracks |
| 10:23 | Refined Gunpowder |
| 10:24 | Studded Leather Armor |
| 10:26 | Rifleman |
| 10:36 | Scroll of Town Portal |
| 10:46 | Mortar Team |
| 10:46 | Mortar Team |
| 10:53 | Rifleman |
| 11:16 | Rifleman |
| 11:21 | Scroll of Town Portal |
| 11:27 | Farm |
| 11:28 | Farm |
| 11:32 | Farm |
| 11:57 | Rifleman |
| 12:17 | Farm |
| 12:17 | Farm |
| 12:27 | Scroll of Town Portal |
| 12:34 | Farm |
| 12:35 | Farm |
| 12:36 | Farm |
| 12:39 | Scroll of Town Portal |
| 12:40 | Scroll of Regeneration |
| 12:45 | Rifleman |
| 12:48 | Imbued Gunpowder |
| 12:48 | Reinforced Leather Armor |
| 12:56 | Farm |
| 12:59 | Farm |
| 13:23 | Scroll of Regeneration |
| 13:24 | Lesser Clarity Potion |
| 14:17 | Rifleman |
| 14:23 | Flame Strike |
| 14:54 | Rifleman |
| 14:55 | Rifleman |
| 15:12 | Scroll of Regeneration |
| 15:12 | Scroll of Regeneration |
| 15:15 | Scroll of Town Portal |
| 15:19 | Thunder Clap |
| 15:26 | Rifleman |
| 15:33 | Barracks |
| 16:41 | Scroll of Regeneration |
| 16:47 | Rifleman |
| 16:50 | Dragonhide Armor |
| 16:52 | Farm |
| 17:06 | Scroll of Town Portal |
| 17:06 | Scroll of Town Portal |
| 17:12 | Lesser Clarity Potion |
| 17:13 | Lesser Clarity Potion |
| 17:18 | Scroll of Regeneration |
| 17:18 | Scroll of Regeneration |
| 17:26 | Fragmentation Shards |
| 17:27 | Mortar Team |
| 17:27 | Mortar Team |
| 18:10 | Rifleman |
| 18:44 | Scroll of Town Portal |
| 18:45 | Scroll of Regeneration |
| 18:45 | Scroll of Regeneration |
| 20:26 | Scroll of Regeneration |
| 20:36 | Lesser Clarity Potion |
| 20:59 | Barracks |
| 21:00 | Barracks |
| 21:01 | Barracks |
| 21:07 | Scroll of Town Portal |
| 21:07 | Scroll of Regeneration |
| 21:16 | Scroll of Town Portal |
| 21:18 | Scroll of Regeneration |
| 21:49 | Barracks |
| 21:50 | Barracks |
| 22:27 | Barracks |
| 22:29 | Scroll of Town Portal |
| 22:31 | Barracks |
| 22:43 | Farm |
| 23:39 | Rifleman |
| 24:08 | Rifleman |
| 24:15 | Town Hall |
| Select group | 761 |
| Select | 359 |
| Right click | 276 |
| Misc. action | 188 |
| Build/train/purchase | 133 |
| Assign group | 106 |
| Use ability | 59 |
| Item give/drop | 6 |
154 units @ 24k
/ 3.6k
93 buildings @ 13.5k
/ 5.9k

| Healing Salve | 5 | 500 |
| Tiny Great Hall | 1 | 600 |
| Potion of Healing | 1 | 150 |
| Potion of Mana | 1 | 200 |
| Lesser Clarity Potion | 1 | 70 |
| Orb of Lightning | 1 | 375 |
| Scroll of Town Portal | 6 | 2100 |
| total: | 16 | 3995g |
| Peon | 20 | 1500 | / | 0 |
| Troll Headhunter | 11 | 1540 | / | 220 |
| Troll Berserker | 17 | 2380 | / | 340 |
| Wind Rider | 1 | 265 | / | 40 |
| total: | 49 | 5685g | / | 600w |
| Watch Tower | 23 | 2530 | / | 1840 |
| War Mill | 2 | 410 | / | 0 |
| Barracks | 2 | 360 | / | 100 |
| Orc Burrow | 6 | 960 | / | 240 |
| Altar of Storms | 1 | 180 | / | 50 |
| Voodoo Lounge | 1 | 130 | / | 30 |
| Great Hall | 2 | 770 | / | 370 |
| Beastiary | 3 | 435 | / | 420 |
| Stronghold | 1 | 315 | / | 190 |
| Fortress | 1 | 325 | / | 190 |
| total: | 40 | 5775g | / | 3050w |
| 0:02 | Peon |
| 0:02 | Peon |
| 0:07 | War Mill |
| 0:11 | War Mill |
| 0:20 | Barracks |
| 0:27 | Peon |
| 0:34 | Peon |
| 1:02 | Orc Burrow |
| 1:07 | Barracks |
| 1:09 | Peon |
| 1:18 | Peon |
| 1:25 | Peon |
| 1:42 | Orc Burrow |
| 1:54 | Troll Headhunter |
| 2:09 | Troll Headhunter |
| 2:30 | Altar of Storms |
| 2:41 | Troll Headhunter |
| 2:56 | Troll Headhunter |
| 3:09 | Troll Headhunter |
| 3:23 | Troll Headhunter |
| 3:49 | Orc Burrow |
| 3:53 | Voodoo Lounge |
| 3:56 | Pocket Factory |
| 4:57 | Stronghold |
| 4:58 | Steel Ranged Weapons |
| 4:59 | Troll Headhunter |
| 5:06 | Engineering Upgrade |
| 5:48 | Troll Headhunter |
| 5:48 | Troll Headhunter |
| 6:04 | Healing Salve |
| 6:22 | Pocket Factory |
| 6:33 | Steel Armor |
| 6:37 | Orc Burrow |
| 6:41 | Orc Burrow |
| 7:22 | Great Hall |
| 7:29 | Peon |
| 7:32 | Thorium Ranged Weapons |
| 7:41 | Troll Regeneration |
| 8:13 | Fortress |
| 9:28 | Thorium Armor |
| 10:05 | Engineering Upgrade |
| 10:31 | Troll Headhunter |
| 10:31 | Troll Headhunter |
| 10:34 | Peon |
| 10:34 | Peon |
| 10:34 | Peon |
| 10:36 | Peon |
| 10:39 | Berserker Upgrade |
| 10:46 | Peon |
| 10:46 | Peon |
| 10:47 | Peon |
| 11:26 | Arcanite Ranged Weapons |
| 11:37 | Troll Berserker |
| 11:43 | Scroll of Town Portal |
| 12:10 | Tiny Great Hall |
| 12:45 | Reinforced Defenses |
| 13:17 | Troll Berserker |
| 13:33 | Peon |
| 13:33 | Peon |
| 13:33 | Peon |
| 13:33 | Peon |
| 13:34 | Peon |
| 14:09 | Watch Tower |
| 14:11 | Watch Tower |
| 14:11 | Watch Tower |
| 14:12 | Watch Tower |
| 14:12 | Watch Tower |
| 15:11 | Troll Berserker |
| 15:11 | Troll Berserker |
| 15:11 | Troll Berserker |
| 15:11 | Troll Berserker |
| 15:13 | Troll Berserker |
| 16:06 | Healing Salve |
| 16:06 | Healing Salve |
| 16:21 | Pocket Factory |
| 16:22 | Scroll of Town Portal |
| 16:23 | Scroll of Town Portal |
| 17:33 | Troll Berserker |
| 17:33 | Troll Berserker |
| 17:37 | Arcanite Armor |
| 17:39 | Potion of Healing |
| 17:39 | Potion of Mana |
| 17:40 | Healing Salve |
| 17:40 | Lesser Clarity Potion |
| 18:12 | Orb of Lightning |
| 18:25 | Scroll of Town Portal |
| 18:47 | Orc Burrow |
| 19:11 | Watch Tower |
| 19:12 | Watch Tower |
| 19:13 | Watch Tower |
| 19:15 | Watch Tower |
| 19:16 | Watch Tower |
| 19:17 | Watch Tower |
| 19:18 | Watch Tower |
| 19:19 | Watch Tower |
| 19:20 | Watch Tower |
| 19:20 | Watch Tower |
| 20:37 | Robo-Goblin |
| 20:40 | Troll Berserker |
| 20:41 | Troll Berserker |
| 20:41 | Troll Berserker |
| 20:41 | Troll Berserker |
| 20:42 | Troll Berserker |
| 21:22 | Beastiary |
| 21:23 | Beastiary |
| 21:25 | Beastiary |
| 21:32 | Scroll of Town Portal |
| 21:59 | Watch Tower |
| 22:00 | Watch Tower |
| 22:03 | Watch Tower |
| 22:12 | Troll Berserker |
| 22:14 | Spiked Barricades |
| 23:06 | Envenomed Spears |
| 23:07 | Wind Rider |
| 23:17 | Watch Tower |
| 23:20 | Watch Tower |
| 23:21 | Watch Tower |
| 23:24 | Scroll of Town Portal |
| 23:26 | Healing Salve |
| 23:40 | Troll Berserker |
| 23:40 | Troll Berserker |
| 24:21 | Great Hall |
| 24:23 | Watch Tower |
| 24:26 | Watch Tower |
| 24:30 | Engineering Upgrade |
| Right click | 1277 |
| Select | 643 |
| Select group | 269 |
| Build/train/purchase | 104 |
| Use ability | 41 |
| Assign group | 10 |
| Chat | 4 |
| Remove unit | 3 |
| Minimap ping | 2 |
| Misc. action | 1 |
| Item give/drop | 1 |


| Rod of Necromancy | 3 | 450 |
| Potion of Healing | 4 | 600 |
| Orb of Corruption | 1 | 375 |
| Potion of Mana | 1 | 200 |
| Scroll of Town Portal | 3 | 1050 |
| Scroll of Healing | 6 | 1500 |
| Potion of Lesser Invulnerability | 1 | 150 |
| total: | 19 | 4325g |
| Acolyte | 7 | 525 | / | 0 |
| Ghoul | 3 | 360 | / | 0 |
| Crypt Fiend | 15 | 3225 | / | 600 |
| Obsidian Statue | 2 | 400 | / | 70 |
| Abomination | 5 | 1200 | / | 350 |
| total: | 32 | 5710g | / | 1020w |
| Spirit Tower | 3 | 435 | / | 120 |
| Crypt | 2 | 400 | / | 100 |
| Graveyard | 1 | 215 | / | 0 |
| Altar of Darkness | 1 | 180 | / | 50 |
| Ziggurat | 6 | 900 | / | 300 |
| Tomb of Relics | 1 | 130 | / | 30 |
| Necropolis | 1 | 225 | / | 0 |
| Slaughterhouse | 2 | 280 | / | 270 |
| Halls of the Dead | 1 | 320 | / | 210 |
| Black Citadel | 1 | 325 | / | 230 |
| total: | 14 | 2330g | / | 750w |
| 0:04 | Acolyte |
| 0:04 | Acolyte |
| 0:11 | Crypt |
| 0:33 | Graveyard |
| 0:48 | Altar of Darkness |
| 0:59 | Ziggurat |
| 1:13 | Ghoul |
| 1:22 | Ghoul |
| 1:36 | Tomb of Relics |
| 1:58 | Ziggurat |
| 2:15 | Crypt Fiend |
| 2:38 | Crypt Fiend |
| 2:51 | Rod of Necromancy |
| 2:53 | Death Coil |
| 3:16 | Crypt Fiend |
| 3:36 | Acolyte |
| 3:52 | Halls of the Dead |
| 3:58 | Unholy Aura |
| 4:10 | Crypt Fiend |
| 4:53 | Necropolis |
| 5:26 | Death Coil |
| 5:42 | Creature Attack |
| 5:44 | Ziggurat |
| 6:00 | Rod of Necromancy |
| 6:44 | Spirit Tower |
| 6:47 | Ziggurat |
| 6:49 | Acolyte |
| 7:02 | Potion of Healing |
| 7:18 | Potion of Healing |
| 7:43 | Acolyte |
| 7:45 | Spirit Tower |
| 7:51 | Frost Nova |
| 7:52 | Scroll of Town Portal |
| 8:05 | Slaughterhouse |
| 8:30 | Acolyte |
| 8:30 | Acolyte |
| 9:11 | Black Citadel |
| 9:41 | Obsidian Statue |
| 9:42 | Crypt Fiend |
| 9:43 | Burrow |
| 9:45 | Crypt |
| 9:48 | Slaughterhouse |
| 9:53 | Ziggurat |
| 10:02 | Death Pact |
| 10:28 | Ghoul |
| 10:32 | Obsidian Statue |
| 10:39 | Potion of Healing |
| 10:49 | Web |
| 10:51 | Crypt Fiend |
| 11:08 | Spirit Tower |
| 11:13 | Potion of Lesser Invulnerability |
| 11:13 | Scroll of Healing |
| 11:22 | Crypt Fiend |
| 12:24 | Abomination |
| 12:48 | Improved Creature Attack |
| 13:17 | Crypt Fiend |
| 13:20 | Ziggurat |
| 14:06 | Dark Ritual |
| 14:14 | Crypt Fiend |
| 14:42 | Abomination |
| 15:03 | Abomination |
| 15:03 | Disease Cloud |
| 15:05 | Unholy Armor |
| 15:08 | Orb of Corruption |
| 15:09 | Scroll of Healing |
| 15:31 | Scroll of Town Portal |
| 16:48 | Potion of Mana |
| 16:50 | Scroll of Healing |
| 16:53 | Potion of Healing |
| 16:59 | Improved Unholy Armor |
| 16:59 | Unholy Strength |
| 17:00 | Crypt Fiend |
| 17:39 | Scroll of Healing |
| 17:51 | Crypt Fiend |
| 19:12 | Crypt Fiend |
| 19:12 | Abomination |
| 19:15 | Improved Unholy Strength |
| 19:47 | Frost Nova |
| 20:11 | Crypt Fiend |
| 20:20 | Death Coil |
| 20:59 | Scroll of Healing |
| 21:01 | Scroll of Healing |
| 21:20 | Abomination |
| 21:20 | Crypt Fiend |
| 21:53 | Advanced Unholy Strength |
| 21:54 | Advanced Unholy Armor |
| 22:31 | Scroll of Town Portal |
| 22:34 | Rod of Necromancy |
| 24:19 | Frost Armor |
| 24:28 | Crypt Fiend |
| 24:41 | Animate Dead |
| Right click | 1721 |
| Select group | 1205 |
| Select | 474 |
| Build/train/purchase | 133 |
| Misc. action | 120 |
| Assign group | 56 |
| Use ability | 52 |
| Chat | 11 |
| Minimap ping | 6 |
| Item give/drop | 5 |


| Orb of Corruption | 2 | 750 |
| Potion of Mana | 1 | 200 |
| Scroll of Town Portal | 4 | 1400 |
| Scroll of Healing | 2 | 500 |
| Boots of Speed | 1 | 250 |
| Periapt of Vitality | 2 | 650 |
| total: | 12 | 3750g |
| Acolyte | 7 | 525 | / | 0 |
| Ghoul | 5 | 600 | / | 0 |
| Crypt Fiend | 7 | 1505 | / | 280 |
| Obsidian Statue | 4 | 800 | / | 140 |
| Abomination | 6 | 1440 | / | 420 |
| Assassin | 1 | 250 | / | 30 |
| total: | 30 | 5120g | / | 870w |
| Nerubian Tower | 2 | 200 | / | 40 |
| Spirit Tower | 3 | 435 | / | 120 |
| Altar of Darkness | 1 | 180 | / | 50 |
| Ziggurat | 8 | 1200 | / | 400 |
| Crypt | 1 | 200 | / | 50 |
| Graveyard | 1 | 215 | / | 0 |
| Tomb of Relics | 1 | 130 | / | 30 |
| Necropolis | 1 | 225 | / | 0 |
| Slaughterhouse | 2 | 280 | / | 270 |
| Halls of the Dead | 2 | 640 | / | 420 |
| Black Citadel | 1 | 325 | / | 230 |
| total: | 15 | 2430g | / | 800w |
| 0:07 | Acolyte |
| 0:07 | Acolyte |
| 0:26 | Altar of Darkness |
| 0:32 | Ziggurat |
| 0:52 | Crypt |
| 1:03 | Graveyard |
| 1:28 | Nerubian Tower |
| 1:40 | Ziggurat |
| 1:58 | Ghoul |
| 1:59 | Ghoul |
| 2:16 | Ziggurat |
| 2:21 | Ghoul |
| 2:36 | Ghoul |
| 2:42 | Spirit Tower |
| 2:55 | Tomb of Relics |
| 3:01 | Ghoul |
| 3:19 | Death Coil |
| 3:47 | Halls of the Dead |
| 3:58 | Crypt Fiend |
| 4:16 | Crypt Fiend |
| 5:42 | Crypt Fiend |
| 5:45 | Unholy Strength |
| 5:49 | Ziggurat |
| 6:22 | Unholy Aura |
| 6:51 | Nerubian Tower |
| 8:10 | Burrow |
| 8:12 | Black Citadel |
| 8:16 | Slaughterhouse |
| 8:30 | Spirit Tower |
| 8:43 | Breath of Fire |
| 8:57 | Unholy Armor |
| 9:08 | Boots of Speed |
| 9:10 | Periapt of Vitality |
| 9:30 | Obsidian Statue |
| 9:33 | Web |
| 10:15 | Assassin |
| 10:30 | Improved Unholy Strength |
| 10:34 | Crypt Fiend |
| 10:36 | Obsidian Statue |
| 10:38 | Disease Cloud |
| 10:39 | Abomination |
| 12:31 | Ziggurat |
| 12:34 | Acolyte |
| 12:39 | Death Coil |
| 13:59 | Necropolis |
| 14:03 | Abomination |
| 14:04 | Abomination |
| 14:14 | Acolyte |
| 14:14 | Acolyte |
| 14:14 | Acolyte |
| 14:19 | Improved Unholy Armor |
| 15:35 | Ziggurat |
| 15:36 | Ziggurat |
| 15:37 | Ziggurat |
| 15:43 | Drunken Brawler |
| 15:48 | Periapt of Vitality |
| 15:56 | Scroll of Town Portal |
| 17:44 | Scroll of Healing |
| 17:51 | Abomination |
| 17:57 | Acolyte |
| 18:01 | Crypt Fiend |
| 18:15 | Orb of Corruption |
| 18:23 | Scroll of Town Portal |
| 18:52 | Spirit Tower |
| 18:57 | Advanced Unholy Strength |
| 19:48 | Obsidian Statue |
| 19:48 | Obsidian Statue |
| 20:00 | Scroll of Healing |
| 20:17 | Slaughterhouse |
| 20:46 | Advanced Unholy Armor |
| 22:03 | Orb of Corruption |
| 22:04 | Scroll of Town Portal |
| 22:40 | Unholy Aura |
| 22:57 | Scroll of Town Portal |
| 23:08 | Potion of Mana |
| 23:58 | Abomination |
| 23:59 | Abomination |
| 24:00 | Crypt Fiend |
| 24:00 | Crypt Fiend |
| 24:10 | Breath of Fire |
| Right click | 1229 |
| Select | 419 |
| Build/train/purchase | 80 |
| Use ability | 43 |
| Select group | 19 |
| Minimap ping | 15 |
| Assign group | 11 |
| Remove unit | 3 |
| Item give/drop | 2 |



| Scroll of Regeneration | 3 | 300 |
| Potion of Healing | 4 | 600 |
| Staff of Sanctuary | 2 | 500 |
| Potion of Mana | 2 | 400 |
| Orb of Fire | 2 | 650 |
| Scroll of Town Portal | 6 | 2100 |
| Staff of Teleportation | 2 | 300 |
| Potion of Lesser Invulnerability | 1 | 150 |
| Scroll of Protection | 1 | 150 |
| total: | 23 | 5150g |
| Peasant | 10 | 750 | / | 0 |
| Footman | 6 | 810 | / | 0 |
| Spell Breaker | 9 | 1935 | / | 270 |
| Knight | 6 | 1470 | / | 360 |
| Priest | 3 | 405 | / | 30 |
| Mortar Team | 3 | 540 | / | 210 |
| Goblin Shredder | 1 | 375 | / | 100 |
| Forest Troll High Priest | 1 | 305 | / | 40 |
| Rogue | 1 | 150 | / | 0 |
| Kobold Geomancer | 1 | 255 | / | 30 |
| Assassin | 2 | 500 | / | 60 |
| total: | 43 | 7495g | / | 1100w |
| Scout Tower | 2 | 60 | / | 40 |
| Arcane Tower | 1 | 70 | / | 50 |
| Altar of Kings | 1 | 180 | / | 50 |
| Farm | 12 | 960 | / | 240 |
| Barracks | 1 | 160 | / | 60 |
| Arcane Vault | 1 | 130 | / | 30 |
| Town Hall | 2 | 770 | / | 410 |
| Lumber Mill | 1 | 120 | / | 0 |
| Blacksmith | 1 | 140 | / | 60 |
| Arcane Sanctum | 2 | 300 | / | 280 |
| Workshop | 1 | 140 | / | 140 |
| Keep | 1 | 320 | / | 210 |
| Castle | 1 | 360 | / | 210 |
| total: | 24 | 2960g | / | 1310w |
| 0:03 | Peasant |
| 0:04 | Peasant |
| 0:04 | Peasant |
| 0:22 | Altar of Kings |
| 0:28 | Peasant |
| 0:35 | Farm |
| 0:43 | Farm |
| 0:53 | Barracks |
| 0:58 | Peasant |
| 1:03 | Peasant |
| 1:08 | Farm |
| 1:23 | Peasant |
| 1:48 | Farm |
| 1:54 | Footman |
| 1:56 | Footman |
| 2:01 | Peasant |
| 2:06 | Footman |
| 2:09 | Peasant |
| 2:22 | Peasant |
| 2:26 | Summon Water Elemental |
| 2:41 | Footman |
| 3:04 | Footman |
| 3:15 | Scout Tower |
| 3:29 | Arcane Vault |
| 3:57 | Footman |
| 4:11 | Brilliance Aura |
| 4:39 | Town Hall |
| 4:42 | Scout Tower |
| 4:46 | Scroll of Regeneration |
| 4:50 | Scroll of Regeneration |
| 5:11 | Arcane Tower |
| 5:14 | Keep |
| 5:49 | Staff of Teleportation |
| 5:56 | Blizzard |
| 7:37 | Castle |
| 8:20 | Goblin Shredder |
| 9:14 | Scroll of Town Portal |
| 9:14 | Potion of Healing |
| 9:17 | Potion of Healing |
| 9:22 | Scroll of Regeneration |
| 9:30 | Arcane Sanctum |
| 9:31 | Arcane Sanctum |
| 9:38 | Lumber Mill |
| 9:44 | Farm |
| 9:52 | Flame Strike |
| 10:01 | Farm |
| 10:09 | Blacksmith |
| 10:50 | Spell Breaker |
| 10:52 | Farm |
| 10:53 | Spell Breaker |
| 10:53 | Spell Breaker |
| 10:54 | Priest Adept Training |
| 10:55 | Magic Sentry |
| 11:00 | Forest Troll High Priest |
| 11:01 | Rogue |
| 11:02 | Kobold Geomancer |
| 11:02 | Assassin |
| 11:02 | Assassin |
| 11:39 | Blizzard |
| 12:11 | Spell Breaker |
| 12:12 | Control Magic |
| 12:13 | Farm |
| 12:15 | Workshop |
| 12:20 | Scroll of Town Portal |
| 12:21 | Staff of Sanctuary |
| 12:28 | Potion of Mana |
| 12:29 | Orb of Fire |
| 12:42 | Farm |
| 12:48 | Iron Forged Swords |
| 12:48 | Iron Plating |
| 12:57 | Farm |
| 14:26 | Holy Light |
| 14:44 | Siphon Mana |
| 15:49 | Potion of Healing |
| 15:49 | Potion of Healing |
| 15:50 | Orb of Fire |
| 15:51 | Staff of Sanctuary |
| 15:52 | Scroll of Town Portal |
| 15:55 | Knight |
| 15:55 | Knight |
| 15:57 | Spell Breaker |
| 15:58 | Priest Master Training |
| 15:58 | Priest |
| 16:04 | Potion of Lesser Invulnerability |
| 16:05 | Staff of Teleportation |
| 16:24 | Spell Breaker |
| 16:24 | Priest |
| 16:38 | Mortar Team |
| 17:55 | Scroll of Protection |
| 18:00 | Scroll of Town Portal |
| 18:06 | Knight |
| 18:15 | Mortar Team |
| 18:58 | Town Hall |
| 19:18 | Banish |
| 19:34 | Divine Shield |
| 20:30 | Fragmentation Shards |
| 20:31 | Mortar Team |
| 20:44 | Scroll of Town Portal |
| 20:59 | Potion of Mana |
| 21:27 | Blizzard |
| 21:30 | Farm |
| 21:34 | Knight |
| 21:35 | Animal War Training |
| 21:37 | Priest |
| 21:38 | Spell Breaker |
| 21:38 | Spell Breaker |
| 21:58 | Farm |
| 22:11 | Spell Breaker |
| 22:33 | Knight |
| 22:35 | Steel Plating |
| 23:04 | Knight |
| 23:24 | Scroll of Town Portal |
| 23:53 | Siphon Mana |
| 24:29 | Holy Light |
| Right click | 663 |
| Select | 411 |
| Build/train/purchase | 135 |
| Misc. action | 78 |
| Use ability | 68 |
| Chat | 6 |
| Item give/drop | 4 |
| Assign group | 3 |
| Select group | 2 |
| Remove unit | 1 |
| Minimap ping | 1 |
⇛